General information
- name: BNet
- type: Ladder team game (AT/RT)
- host: Battle.net
- saver: ComeFlyWithMe
map: Battleground
- players: 8
- length: 33:08
- speed: Fast
- version: 1.26 W3XP
- replay type: Public
» download(197 KB)
Players
team 1 (loser)

»
Rage_of_Noob (
blue | 34 APM | 1017 actions | 30:17)
5 Blademaster
1 Wind Walk
3 Critical Strike
1 Mirror Image
» actions
| Build / train | 47 | |
| Enter build submenu | 20 | |
| Enter hero's abilities submenu | 5 | |
| Give item / drop item | 1 | |
| Remove unit from queue | 3 | |
| Right click | 495 | |
| Select / deselect | 371 | |
| Use ability | 75 | |
1017 total
» units
» buildings
| Altar of Storms | 1 | |
| Orc Burrow | 8 | |
| War Mill | 1 | |
| Voodoo Lounge | 1 | |
| Stronghold | 4 | |
| Beastiary | 4 | |
| Great Hall | 1 | |
20 total
» build order
00:05 Altar of Storms
00:07 Orc Burrow
00:54 War Mill
01:07 Voodoo Lounge
02:22 Stronghold
02:22 Stronghold
02:22 Stronghold
02:56 Orc Burrow
04:03 Orc Burrow
04:07 Orc Burrow
05:06 Beastiary
05:09 Beastiary
06:56 Beastiary
06:58 Beastiary
13:12 Orc Burrow
13:16 Orc Burrow
15:51 Great Hall
20:11 Orc Burrow
20:13 Orc Burrow
» items
| Healing Salve | 1 | |
| Lesser Clarity Potion | 5 | |
| Scroll of Speed | 2 | |
| Potion of Healing | 3 | |
| Potion of Lesser Invulnerability | 1 | |
| Scroll of Town Portal | 1 | |
13 total
NaggyNagNag (
teal | 76 APM | 2505 actions | 33:06)
6 Archmage
3 Summon Water Elemental
2 Brilliance Aura
1 Mass Teleport
» actions
| Assign group hotkey | 133 | |
| Basic commands | 164 | |
| Build / train | 73 | |
| Enter build submenu | 45 | |
| Enter hero's abilities submenu | 6 | |
| Give item / drop item | 4 | |
| Remove unit from queue | 2 | |
| Right click | 786 | |
| Select / deselect | 382 | |
| Select group hotkey | 828 | |
| Use ability | 80 | |
2505 total
» units
| Peasant | 17 | |
| Footman | 1 | |
| Rifleman | 14 | |
| Priest | 1 | |
33 total
» upgrades
| Lumber Harvesting | 2 | |
| Long Rifles | 1 | |
| Masonry | 3 | |
| Priest Training | 2 | |
| Gunpowder | 3 | |
| Magic Sentry | 1 | |
| Armor | 3 | |
15 total
» buildings
| Altar of Kings | 1 | |
| Barracks | 8 | |
| Farm | 13 | |
| Blacksmith | 1 | |
| Arcane Vault | 1 | |
| Keep | 1 | |
| Scout Tower | 11 | |
| Arcane Tower | 4 | |
| Town Hall | 2 | |
| Lumber Mill | 3 | |
| Guard Tower | 3 | |
| Arcane Sanctum | 2 | |
| Castle | 1 | |
| Gryphon Aviary | 3 | |
54 total
» build order
00:38 Altar of Kings
00:40 Barracks
00:49 Barracks
01:06 Farm
01:26 Barracks
01:34 Farm
01:53 Blacksmith
02:45 Farm
02:46 Farm
03:15 Arcane Vault
03:20 Barracks
04:22 Keep
04:33 Scout Tower
05:05 Farm
05:07 Farm
05:19 Arcane Tower
07:22 Town Hall
07:24 Scout Tower
07:25 Scout Tower
07:26 Scout Tower
07:31 Scout Tower
07:32 Scout Tower
07:34 Scout Tower
07:35 Scout Tower
07:37 Scout Tower
07:44 Lumber Mill
07:47 Lumber Mill
07:57 Arcane Tower
08:14 Farm
08:16 Farm
08:19 Guard Tower
08:44 Scout Tower
09:15 Guard Tower
09:39 Arcane Tower
10:34 Guard Tower
10:39 Arcane Sanctum
10:59 Arcane Sanctum
11:29 Castle
11:45 Scout Tower
12:30 Arcane Tower
17:04 Town Hall
17:17 Gryphon Aviary
17:18 Gryphon Aviary
17:18 Gryphon Aviary
17:22 Lumber Mill
18:17 Barracks
18:20 Barracks
18:28 Barracks
18:41 Farm
18:43 Farm
18:46 Farm
19:21 Barracks
21:08 Farm
21:10 Farm
» items
| Scroll of Regeneration | 2 | |
| Scroll of Town Portal | 2 | |
| Periapt of Vitality | 2 | |
| Potion of Lesser Invulnerability | 1 | |
7 total

»
rD- (
yellow | 57 APM | 1846 actions | 32:35)
5 Death Knight
2 Death Coil
3 Unholy Aura
3 Lich
2 Frost Nova
1 Frost Armor
» actions
| Assign group hotkey | 22 | |
| Basic commands | 233 | |
| Build / train | 39 | |
| ESC pressed | 1 | |
| Enter build submenu | 15 | |
| Enter hero's abilities submenu | 8 | |
| Give item / drop item | 3 | |
| Remove unit from queue | 1 | |
| Right click | 653 | |
| Select / deselect | 437 | |
| Select group hotkey | 362 | |
| Use ability | 72 | |
1846 total
» units
| Acolyte | 2 | |
| Ghoul | 3 | |
| Crypt Fiend | 1 | |
| Frost Wyrm | 4 | |
10 total
» upgrades
| Creature Attack | 3 | |
| Creature Carapace | 3 | |
| Freezing Breath | 1 | |
| Masonry | 1 | |
8 total
» buildings
| Crypt | 1 | |
| Altar of Darkness | 1 | |
| Ziggurat | 6 | |
| Graveyard | 1 | |
| Tomb of Relics | 1 | |
| Nerubian Tower | 1 | |
| Halls of the Dead | 1 | |
| Black Citadel | 1 | |
| Sacrificial Pit | 1 | |
| Boneyard | 4 | |
18 total
» build order
00:55 Crypt
01:00 Altar of Darkness
01:18 Ziggurat
01:25 Graveyard
01:49 Tomb of Relics
02:09 Ziggurat
03:02 Nerubian Tower
03:49 Halls of the Dead
04:33 Ziggurat
04:36 Ziggurat
06:08 Ziggurat
06:11 Ziggurat
06:13 Black Citadel
06:19 Sacrificial Pit
09:01 Boneyard
09:02 Boneyard
09:12 Boneyard
09:13 Boneyard
» items
| Rod of Necromancy | 2 | |
| Orb of Corruption | 1 | |
| Potion of Healing | 2 | |
| Scroll of Town Portal | 1 | |
6 total
qqqqqqqqqqqqqqL (
red | 39 APM | 978 actions | 25:14)
7 Archmage
1 Blizzard
3 Summon Water Elemental
2 Brilliance Aura
1 Mass Teleport
» actions
| Assign group hotkey | 2 | |
| Build / train | 58 | |
| Enter build submenu | 20 | |
| Enter hero's abilities submenu | 7 | |
| Right click | 411 | |
| Select / deselect | 411 | |
| Select group hotkey | 3 | |
| Use ability | 66 | |
978 total
» units
| Peasant | 18 | |
| Footman | 6 | |
| Gryphon Rider | 7 | |
| Dragonhawk Rider | 6 | |
37 total
» upgrades
| Swords | 1 | |
| Armor | 1 | |
| Storm Hammers | 1 | |
| Cloud | 1 | |
4 total
» buildings
| Altar of Kings | 1 | |
| Farm | 8 | |
| Barracks | 1 | |
| Scout Tower | 1 | |
| Arcane Tower | 1 | |
| Keep | 1 | |
| Lumber Mill | 1 | |
| Blacksmith | 1 | |
| Arcane Vault | 1 | |
| Castle | 1 | |
| Gryphon Aviary | 2 | |
19 total
» build order
00:16 Altar of Kings
00:18 Farm
00:44 Farm
01:16 Barracks
01:44 Farm
01:59 Farm
02:31 Scout Tower
03:29 Arcane Tower
03:33 Keep
04:15 Lumber Mill
04:24 Blacksmith
05:56 Arcane Vault
05:58 Castle
06:41 Gryphon Aviary
06:45 Gryphon Aviary
07:07 Farm
07:11 Farm
07:13 Farm
07:18 Farm
» items
| Circlet of Nobility | 1 | |
| Scroll of Regeneration | 3 | |
| Healing Salve | 1 | |
| Lesser Clarity Potion | 1 | |
6 total
team 2 (winner)
iPhone7z (
purple | 55 APM | 857 actions | 15:30)
4 Archmage
2 Summon Water Elemental
2 Brilliance Aura
2 Mountain King
1 Storm Bolt
1 Thunder Clap
» actions
| Build / train | 53 | |
| Enter build submenu | 17 | |
| Enter hero's abilities submenu | 6 | |
| Remove unit from queue | 1 | |
| Right click | 558 | |
| Select / deselect | 185 | |
| Use ability | 37 | |
857 total
» units
| Peasant | 9 | |
| Footman | 2 | |
| Rifleman | 8 | |
| Priest | 4 | |
| Siege Engine | 2 | |
25 total
» upgrades
| Defend | 0 | |
| Long Rifles | 1 | |
| Armor | 2 | |
| Gunpowder | 2 | |
| Priest Training | 2 | |
| Barrage | 1 | |
8 total
» buildings
| Altar of Kings | 1 | |
| Farm | 9 | |
| Barracks | 2 | |
| Arcane Vault | 1 | |
| Blacksmith | 1 | |
| Keep | 1 | |
| Arcane Sanctum | 1 | |
| Lumber Mill | 1 | |
| Workshop | 1 | |
| Castle | 1 | |
| Guard Tower | 1 | |
20 total
» build order
00:12 Altar of Kings
00:25 Farm
00:52 Barracks
01:00 Farm
01:56 Arcane Vault
02:39 Blacksmith
03:17 Barracks
03:22 Farm
04:30 Farm
05:13 Farm
05:14 Keep
06:45 Farm
08:01 Arcane Sanctum
09:05 Lumber Mill
10:33 Workshop
11:31 Castle
11:35 Farm
11:36 Farm
11:37 Farm
15:07 Guard Tower
» items
| Scroll of Regeneration | 5 | |
| Lesser Clarity Potion | 1 | |
| Scroll of Town Portal | 1 | |
| Ivory Tower | 1 | |
8 total
ComeFlyWithMe (
pink | 93 APM | 3085 actions | 33:07)
9 Blood Mage
3 Flame Strike
3 Siphon Mana
1 Summon Phoenix
2 Banish
1 Death Knight
1 Unholy Aura
» actions
| Assign group hotkey | 42 | |
| Basic commands | 88 | |
| Build / train | 199 | |
| ESC pressed | 10 | |
| Enter build submenu | 52 | |
| Enter hero's abilities submenu | 10 | |
| Give item / drop item | 3 | |
| Right click | 1177 | |
| Select / deselect | 500 | |
| Select group hotkey | 789 | |
| Use ability | 215 | |
3085 total
» units
| Peasant | 20 | |
| Footman | 10 | |
| Rifleman | 1 | |
| Dragonhawk Rider | 21 | |
| Sorceress | 2 | |
| Siege Engine | 1 | |
| Acolyte | 1 | |
| Gryphon Rider | 1 | |
| Flying Machine | 2 | |
59 total
» upgrades
| Defend | 1 | |
| Swords | 3 | |
| Masonry | 4 | |
| Armor | 3 | |
| Sorceress Training | 2 | |
| Magic Sentry | 1 | |
| Lumber Harvesting | 3 | |
| Cloud | 1 | |
| Storm Hammers | 1 | |
| Animal War Training | 1 | |
| Priest Training | 2 | |
| Control Magic | 1 | |
| Long Rifles | 1 | |
| Backpack | 1 | |
| Gunpowder | 2 | |
| Plating | 3 | |
| Flying Machine Bombs | 1 | |
| Flare | 1 | |
| Flak Cannons | 1 | |
| Fragmentation Shards | 1 | |
| Barrage | 1 | |
35 total
» buildings
| Altar of Kings | 1 | |
| Barracks | 1 | |
| Farm | 11 | |
| Arcane Vault | 1 | |
| Scout Tower | 18 | |
| Arcane Tower | 3 | |
| Lumber Mill | 3 | |
| Blacksmith | 1 | |
| Guard Tower | 29 | |
| Keep | 2 | |
| Town Hall | 3 | |
| Gryphon Aviary | 2 | |
| Arcane Sanctum | 1 | |
| Castle | 2 | |
| Spirit Tower | 9 | |
| Ziggurat | 3 | |
| Workshop | 4 | |
94 total
» build order
00:13 Altar of Kings
00:18 Barracks
00:22 Farm
00:49 Farm
00:51 Farm
01:36 Farm
02:28 Arcane Vault
02:33 Farm
03:05 Scout Tower
03:40 Arcane Tower
03:40 Arcane Tower
04:20 Farm
04:30 Lumber Mill
04:46 Scout Tower
04:50 Scout Tower
05:08 Blacksmith
05:29 Guard Tower
05:29 Guard Tower
05:56 Keep
05:57 Keep
07:34 Farm
07:39 Lumber Mill
08:39 Town Hall
08:43 Scout Tower
08:45 Scout Tower
08:48 Scout Tower
08:50 Scout Tower
09:27 Guard Tower
09:51 Guard Tower
09:52 Guard Tower
09:54 Guard Tower
10:20 Scout Tower
10:23 Scout Tower
10:32 Gryphon Aviary
10:33 Gryphon Aviary
10:54 Guard Tower
10:55 Guard Tower
10:55 Guard Tower
11:07 Arcane Sanctum
11:45 Scout Tower
12:22 Guard Tower
12:58 Castle
12:59 Castle
14:00 Farm
17:35 Spirit Tower
17:36 Spirit Tower
17:50 Scout Tower
17:51 Scout Tower
17:52 Scout Tower
17:53 Scout Tower
17:55 Scout Tower
17:57 Scout Tower
18:01 Scout Tower
18:02 Scout Tower
18:16 Guard Tower
18:16 Guard Tower
18:22 Guard Tower
18:22 Guard Tower
18:23 Guard Tower
18:27 Guard Tower
18:27 Guard Tower
18:30 Guard Tower
18:31 Guard Tower
18:31 Guard Tower
19:27 Farm
19:29 Farm
19:33 Ziggurat
19:34 Ziggurat
19:35 Ziggurat
20:38 Spirit Tower
20:39 Spirit Tower
21:09 Spirit Tower
21:09 Spirit Tower
25:21 Farm
25:30 Town Hall
26:22 Lumber Mill
27:05 Town Hall
27:30 Workshop
27:31 Workshop
27:32 Workshop
27:36 Workshop
» items
| Scroll of Regeneration | 9 | |
| Lesser Clarity Potion | 7 | |
| Scroll of Town Portal | 5 | |
| Boots of Speed | 1 | |
| Staff of Teleportation | 3 | |
| Potion of Invisibility | 1 | |
| Potion of Lesser Invulnerability | 1 | |
| Potion of Healing | 2 | |
| Orb of Corruption | 1 | |
30 total

»
Or.GER.Gas.Mus (
green | 33 APM | 567 actions | 17:25)
5 Blademaster
3 Wind Walk
2 Critical Strike
» actions
| Build / train | 68 | |
| Enter build submenu | 19 | |
| Enter hero's abilities submenu | 5 | |
| Give item / drop item | 1 | |
| Right click | 311 | |
| Select / deselect | 119 | |
| Use ability | 44 | |
567 total
» units
| Peon | 10 | |
| Troll Headhunter/Berserker | 25 | |
| Shaman | 10 | |
45 total
» upgrades
| Ranged Weapons | 2 | |
| Troll Regeneration | 1 | |
| Armor | 1 | |
| Shaman Training | 2 | |
| Berserker Upgrade | 1 | |
7 total
» buildings
| Altar of Storms | 1 | |
| Barracks | 1 | |
| Orc Burrow | 9 | |
| War Mill | 1 | |
| Voodoo Lounge | 1 | |
| Stronghold | 2 | |
| Spirit Lodge | 1 | |
| Fortress | 1 | |
| Great Hall | 1 | |
18 total
» build order
00:06 Altar of Storms
00:09 Barracks
00:11 Orc Burrow
01:37 War Mill
01:48 Orc Burrow
02:54 Voodoo Lounge
04:15 Orc Burrow
05:01 Stronghold
05:01 Stronghold
05:22 Orc Burrow
06:30 Orc Burrow
07:44 Orc Burrow
07:53 Spirit Lodge
09:46 Orc Burrow
10:53 Orc Burrow
10:54 Fortress
11:48 Orc Burrow
11:57 Great Hall
» items
| Healing Salve | 2 | |
| Scroll of Speed | 1 | |
| Lesser Clarity Potion | 1 | |
| Periapt of Vitality | 1 | |
| Scroll of Healing | 1 | |
6 total
ang3lodlmorte (
orange | 39 APM | 687 actions | 17:26)
3 Death Knight
2 Death Coil
1 Unholy Aura
» actions
| Assign group hotkey | 13 | |
| Basic commands | 5 | |
| Build / train | 45 | |
| ESC pressed | 1 | |
| Enter build submenu | 14 | |
| Enter hero's abilities submenu | 3 | |
| Remove unit from queue | 1 | |
| Right click | 304 | |
| Select / deselect | 186 | |
| Select group hotkey | 78 | |
| Use ability | 37 | |
687 total
» units
| Acolyte | 9 | |
| Ghoul | 2 | |
| Crypt Fiend | 11 | |
| Gargoyle | 2 | |
| Obsidian Statue | 4 | |
28 total
» upgrades
| Creature Attack | 2 | |
| Creature Carapace | 2 | |
| Web | 1 | |
5 total
» buildings
| Crypt | 1 | |
| Ziggurat | 5 | |
| Altar of Darkness | 1 | |
| Graveyard | 1 | |
| Tomb of Relics | 1 | |
| Spirit Tower | 1 | |
| Halls of the Dead | 1 | |
| Slaughterhouse | 2 | |
| Black Citadel | 1 | |
14 total
» build order
00:13 Crypt
00:25 Ziggurat
00:50 Altar of Darkness
01:03 Graveyard
01:22 Ziggurat
02:07 Tomb of Relics
02:33 Ziggurat
05:02 Spirit Tower
08:09 Ziggurat
09:00 Halls of the Dead
11:09 Ziggurat
12:41 Slaughterhouse
12:56 Slaughterhouse
17:12 Black Citadel
» items
| Dust of Appearance | 1 | |
| Rod of Necromancy | 1 | |
| Scroll of Town Portal | 1 | |
3 total
Chat log
(00:18 / All) NaggyNagNag: ASL everyone?
(00:29 / All) iPhone7z: lame..
(00:35 / All) iPhone7z: stop omg..
(00:41 / All) iPhone7z: kiddys have holidays?
(00:47 / All) qqqqqqqqqqqqqqL: its ok noobs
(01:00 / All) qqqqqqqqqqqqqqL: fuck whores
(01:06 / All) qqqqqqqqqqqqqqL: gg we will win fucking noobs
(01:10 / All) iPhone7z: ..
(01:11 / All) ComeFlyWithMe: how mad you are????
(01:13 / All) iPhone7z: stop kiddys
(01:22 / All) ComeFlyWithMe: do you have an obsession with the kiddies?
(01:33 / All) iPhone7z: with ur mom
(01:35 / All) qqqqqqqqqqqqqqL: u
(01:49 / All) ComeFlyWithMe: "your mom" did you come up with that one yourself?
(01:49 / All) ang3lodlmorte: plz shut up and play!!!
(01:59 / All) ComeFlyWithMe: I have the APM to talk bro
(02:18 / All) qqqqqqqqqqqqqqL: you all got no mother how you love
(02:40 / All) ComeFlyWithMe: sup
(02:55 / All) ComeFlyWithMe: just maphack your way to the undead, buddy
(03:37 / All) qqqqqqqqqqqqqqL: uuups
(04:04 / All) qqqqqqqqqqqqqqL: Yeah maphack^^
(04:12 / All) qqqqqqqqqqqqqqL: very helpfull
(05:37 / All) ComeFlyWithMe: sup
(06:04 / All) qqqqqqqqqqqqqqL: blue such noob
(06:28 / Allies) ang3lodlmorte: gold plz
(06:35 / Allies) ang3lodlmorte: fast
(07:25 / Allies) iPhone7z: stop steal my items
(07:26 / Allies) iPhone7z: nub
(07:42 / Allies) iPhone7z: go away green
(08:25 / Allies) ComeFlyWithMe: nice try
(08:36 / Allies) ComeFlyWithMe: shoo
(12:13 / All) qqqqqqqqqqqqqqL: not really
(12:19 / All) ComeFlyWithMe: "not really"?
(12:39 / Allies) ComeFlyWithMe: lol
(13:10 / Allies) iPhone7z: attack ?
(15:23 / All) qqqqqqqqqqqqqqL: gg^^
(15:27 / All) ComeFlyWithMe: leave faggot
(15:31 / All) ComeFlyWithMe: What did you say about you winning again?
(15:43 / All) qqqqqqqqqqqqqqL: we will
(16:05 / All) qqqqqqqqqqqqqqL: Noob
(16:55 / All) ComeFlyWithMe: noob
(17:11 / All) ComeFlyWithMe: I like how you only shit talk when you have the advantage
(17:11 / All) qqqqqqqqqqqqqqL: Haha funny
(17:18 / All) ComeFlyWithMe: Have you never seen that before?
(17:18 / All) Or.GER.Gas.Mus: fuck my allies, i can pwn everyone of u
(17:21 / All) Or.GER.Gas.Mus: u play so bad
(17:23 / All) Or.GER.Gas.Mus: noooobs
(17:34 / All) qqqqqqqqqqqqqqL: srtfu mass hh noob
(18:47 / All) qqqqqqqqqqqqqqL: Noob lose all
(18:57 / All) ComeFlyWithMe: If by all you mean 3 hawks
(18:59 / All) ComeFlyWithMe: tehn yeah
(19:09 / All) qqqqqqqqqqqqqqL: and i nothing ^^
(19:23 / All) ComeFlyWithMe: You'll lose everything at one point and you'll know it when it happens ^^
(19:41 / All) qqqqqqqqqqqqqqL: ohhh okay
(20:57 / All) ComeFlyWithMe: noob loses everything
(20:58 / All) ComeFlyWithMe: and i nothing
(20:59 / All) ComeFlyWithMe: ^^
(21:07 / All) qqqqqqqqqqqqqqL: and ?;)
(21:13 / All) qqqqqqqqqqqqqqL: i have won you lose
(21:25 / All) ComeFlyWithMe: nopwe
(22:25 / All) rD-: :D
(22:30 / All) ComeFlyWithMe: You haven't won yet
(22:31 / All) rD-: now we starting TK
(22:39 / All) rD-: i will kill blue
(22:42 / All) ComeFlyWithMe: Listen to Grubbies' commentaries, you have never won until you see the victory screen
(22:46 / All) ComeFlyWithMe: always think of how you could lose
(22:48 / All) NaggyNagNag: LUMBER HOARDERS MUST PERISH
(23:04 / All) ComeFlyWithMe: told you
(23:08 / All) ComeFlyWithMe: you'll know it when it happens
(23:12 / All) ComeFlyWithMe: ^^
(23:17 / All) ComeFlyWithMe: time for you to leave, red!
(23:21 / All) rD-: :D
(24:29 / All) ComeFlyWithMe: So red
(24:33 / All) ComeFlyWithMe: Why aren't you shit talking now?
(24:39 / All) qqqqqqqqqqqqqqL: Lol my ally is so noob
(24:46 / All) qqqqqqqqqqqqqqL: we had won but tk naps
(24:48 / All) ComeFlyWithMe: He wasn't your ally
(24:54 / All) ComeFlyWithMe: The game was rigged from the start
(24:57 / All) ComeFlyWithMe: we do this all the time
(24:59 / All) ComeFlyWithMe: you are just another victim
(26:32 / All) NaggyNagNag: yellow had almsot 5 k
(26:41 / All) rD-: y
(26:43 / All) rD-: im a rich fuck
(26:46 / All) ComeFlyWithMe: silly mistake
(26:48 / All) ComeFlyWithMe: I always get it
(27:31 / All) NaggyNagNag: how considering you were mass wyrsm with no expansion
(27:48 / All) ComeFlyWithMe: shitty macro
(27:56 / All) rD-: i know gold cheat.. i dont need expo
(28:04 / All) ComeFlyWithMe: lol
(28:30 / All) ComeFlyWithMe: So how'd you hack the servers to get into Battle.net games? It's not client-side
(28:43 / All) ComeFlyWithMe: Does your uncle work at Blizzard?
(28:59 / All) rD-: y
(29:05 / All) rD-: just like that
(29:10 / All) rD-: GodGivemeGold-
(29:15 / All) ComeFlyWithMe: Why don't you hack in a giant army?
(29:16 / All) rD-: i got 4k
(29:31 / All) ComeFlyWithMe: What's stopping you from hacking in a 200/100 army to kill us?
(29:33 / All) rD-: i gave my human all gold
(29:43 / All) rD-: to hard codes to get into.
(29:49 / All) rD-: i only good at goldcheat
(29:57 / All) ComeFlyWithMe: Okay buddy.
(30:05 / All) rD-: see my human bro.. he has 11k
(30:09 / All) rD-: 5k from me
(30:15 / All) ComeFlyWithMe: because he has multiple expos
(30:20 / All) rD-: me had no expo.. still i had full upgrade wyrms and so on
(30:34 / All) ComeFlyWithMe: because you had terrible macro and straight teched with no units, most likely
(30:36 / All) rD-: i am the brain of his money
(30:46 / All) ComeFlyWithMe: Whatever you say.
(30:55 / All) ComeFlyWithMe: It's about what's in your heart.
(31:03 / All) rD-: did we killed ur ud ?
(31:58 / All) rD-: well
(32:00 / All) rD-: game over
(32:04 / All) rD-: see ya arround dude
(32:09 / All) rD-: bai
(32:38 / All) ComeFlyWithMe: orange is 19-25
(32:44 / All) ComeFlyWithMe: green is 28-30
(32:54 / All) NaggyNagNag: me team lose
(32:55 / All) ComeFlyWithMe: purple is 0-0
(32:57 / All) NaggyNagNag: don't know what red is
(33:01 / All) NaggyNagNag: but he deserves a loss